[Event "European Online Club-ch-G 2021"]
[Site "Online"]
[Date "2021.03.27"]
[Round "2.1"]
[White "Altun, Arda"]
[Black "Persanyi, Barnabas"]
[Result "1-0"]
[ECO "B31"]
[WhiteElo "2074"]
[BlackElo "2364"]
[Annotator "NA"]
[PlyCount "99"]
[EventDate "2021.03.27"]
[EventType "team-tourn"]
[EventCountry "NET"]
[SourceTitle "playchess.com"]
[Source "ChessBase"]
[SourceQuality "1"]
[TimeControl "900+5"]

1. e4 c5 2. Nf3 Nc6 3. Bb5 g6 4. O-O Bg7 5. Re1 e5 6. c3 Nge7 7. d3 O-O 8. Nbd2 d6 9. h3 a6 10. Ba4 b5 11. Bb3 h6 12. Nf1 Kh7 13. Ng3 Na5 14. Bc2 Be6 15. d4 Qc7 16. d5 Bd7 17. b3 c4 18. b4 Nb7 19. a4 a5 20. Be3 axb4 21. cxb4 bxa4 22. Bxa4 f5 23. exf5 gxf5 24. Nh5 f4 25. Bc2+ Kg8 26. Rxa8 Rxa8 27. Bxf4 Rf8 28. Be3 Nf5 29. Nxg7 Kxg7 30. Nd2 Rf6 31. Qh5 Qc8 32. Qg4+ Rg6 33. Qxc4 Qxc4 34. Nxc4 Rf6 35. Ra1 Rf7 36. Ra7 Bb5 37. Bxf5 Bxc4 38. Be6 Re7 39. Bb6 Kf6 40. Be3 Kg7 41. g3 Bb3 42. h4 Bc4 43. Kh2 Bb3 44. b5 Bc4 45. b6 Bb3 46. Kg2 Bc4 47. Kf3 Kg6 48. Ke4 Kg7 49. Bc8 Nc5+ 50. Bxc5 1-0

[Event "European Online Club-ch-G 2021"]
[Site "Online"]
[Date "2021.03.27"]
[Round "2.2"]
[White "Krstulovic, Alex"]
[Black "Danaci, Ege"]
[Result "1-0"]
[ECO "A00"]
[WhiteElo "2387"]
[BlackElo "1996"]
[Annotator "NA"]
[PlyCount "47"]
[EventDate "2021.03.27"]
[EventType "team-tourn"]
[EventCountry "NET"]
[SourceTitle "playchess.com"]
[Source "ChessBase"]
[SourceQuality "1"]
[TimeControl "900+5"]

1. Nc3 c5 2. e3 d5 3. b3 Nf6 4. Bb2 Nc6 5. Bb5 Qc7 6. Nf3 e6 7. O-O Bd6 8. d3 O-O 9. Bxc6 Qxc6 10. e4 Bc7 11. Qe2 b5 12. a3 Bb7 13. e5 Nd7 14. d4 a6 15. Rad1 Bb6 16. Rfe1 Rac8 17. dxc5 Nxc5 18. Nd4 Qc7 19. Qg4 Ne4 20. Nce2 Qxe5 21. Ng3 Qg5 22. Rxe4 Qxg4 23. Rxg4 f5 24. Ndxf5 1-0

[Event "European Online Club-ch-G 2021"]
[Site "Online"]
[Date "2021.03.27"]
[Round "2.3"]
[White "Yildirim, Ibrahim Halil"]
[Black "Juhasz, Agoston"]
[Result "1-0"]
[ECO "B15"]
[WhiteElo "1783"]
[BlackElo "2356"]
[Annotator "NA"]
[PlyCount "57"]
[EventDate "2021.03.27"]
[EventType "team-tourn"]
[EventCountry "NET"]
[SourceTitle "playchess.com"]
[Source "ChessBase"]
[SourceQuality "1"]
[TimeControl "900+5"]

1. e4 c6 2. d4 d5 3. Nd2 dxe4 4. Nxe4 Nf6 5. Nxf6+ exf6 6. c3 Bd6 7. Bd3 O-O 8. Qc2 Re8+ 9. Ne2 h5 10. Be3 Nd7 11. O-O h4 12. h3 Nf8 13. Rfe1 Bc7 14. c4 Bd7 15. Rad1 Rc8 16. Nf4 Bb8 17. d5 Bxf4 18. dxc6 Qa5 19. cxd7 Nxd7 20. Bh7+ Kh8 21. Qf5 Ne5 22. Qh5 Bxe3 23. Rxe3 Nf3+ 24. Qxf3 Rxe3 25. Qxe3 Kxh7 26. Qe4+ Kg8 27. Qxh4 Qxa2 28. c5 Qxb2 29. Qg4 1-0

[Event "European Online Club-ch-G 2021"]
[Site "Online"]
[Date "2021.03.27"]
[Round "2.4"]
[White "Ongut, Tamas Gunes"]
[Black "Ozata, Doruk"]
[Result "1-0"]
[ECO "E27"]
[WhiteElo "2314"]
[BlackElo "1646"]
[Annotator "NA"]
[PlyCount "61"]
[EventDate "2021.03.27"]
[EventType "team-tourn"]
[EventCountry "NET"]
[SourceTitle "playchess.com"]
[Source "ChessBase"]
[SourceQuality "1"]
[TimeControl "900+5"]

1. d4 Nf6 2. c4 e6 3. Nc3 Bb4 4. f3 d5 5. a3 Bxc3+ 6. bxc3 O-O 7. cxd5 exd5 8. e3 Bf5 9. Ne2 Nbd7 10. g4 Bg6 11. h4 h5 12. g5 Ne8 13. Nf4 c6 14. Nxg6 fxg6 15. Bd3 Qc7 16. f4 Qd6 17. a4 c5 18. Ba3 b6 19. Qc2 Qe6 20. O-O-O Qxe3+ 21. Kb1 Nd6 22. Rde1 Qxf4 23. Bxg6 Ne4 24. Bxe4 dxe4 25. Rxe4 Qf3 26. Rhe1 Rac8 27. Re7 Rf7 28. Qb3 cxd4 29. Rxf7 Qd3+ 30. Ka1 Rxc3 31. Rf8+ 1-0

[Event "European Online Club-ch-G 2021"]
[Site "Online"]
[Date "2021.03.27"]
[Round "2.5"]
[White "Sevdimaliyev, Urfan"]
[Black "Harvey, Marcus R"]
[Result "0-1"]
[ECO "C03"]
[WhiteElo "2369"]
[BlackElo "2440"]
[Annotator "NA"]
[PlyCount "88"]
[EventDate "2021.03.27"]
[EventType "team-tourn"]
[EventCountry "NET"]
[SourceTitle "playchess.com"]
[Source "ChessBase"]
[SourceQuality "1"]
[TimeControl "900+5"]

1. e4 e6 2. d4 d5 3. Nd2 h6 4. g3 dxe4 5. Nxe4 Bd7 6. Bg2 Bc6 7. Bf3 Be7 8. Ne2 Nf6 9. N2c3 Nxe4 10. Nxe4 Nd7 11. O-O Bd5 12. Qe2 Nf6 13. c4 Bxe4 14. Bxe4 Nxe4 15. Qxe4 c6 16. Rd1 O-O 17. Be3 Bf6 18. Rd2 Qa5 19. b3 Rad8 20. Rad1 Rd7 21. a4 Rfd8 22. Rd3 a6 23. h4 Qh5 24. Kg2 Be7 25. Qf3 Qxf3+ 26. Kxf3 f5 27. h5 Kf7 28. g4 fxg4+ 29. Kxg4 Bf6 30. Kf3 b5 31. axb5 axb5 32. Ke4 Rb8 33. d5 exd5+ 34. cxd5 Re8+ 35. Kf3 cxd5 36. Rxd5 Rxd5 37. Rxd5 Re5 38. Rxe5 Bxe5 39. Ke4 Ke6 40. Bd4 Bxd4 41. Kxd4 Kf6 42. Kc5 g6 43. hxg6 Kxg6 44. Kd5 Kf5 0-1

[Event "European Online Club-ch-G 2021"]
[Site "Online"]
[Date "2021.03.27"]
[Round "2.6"]
[White "Greet, Andrew N"]
[Black "Babayev, Talib"]
[Result "1-0"]
[ECO "B12"]
[WhiteElo "2417"]
[BlackElo "2282"]
[Annotator "NA"]
[PlyCount "59"]
[EventDate "2021.03.27"]
[EventType "team-tourn"]
[EventCountry "NET"]
[SourceTitle "playchess.com"]
[Source "ChessBase"]
[SourceQuality "1"]
[TimeControl "900+5"]

1. e4 c6 2. d4 d5 3. e5 Bf5 4. h4 h5 5. Bd3 Bxd3 6. Qxd3 e6 7. Bg5 Qb6 8. Nd2 c5 9. c4 Qa6 10. Ngf3 Nc6 11. O-O Be7 12. dxc5 Bxg5 13. hxg5 Nge7 14. Qc3 O-O-O 15. b4 dxc4 16. Nxc4 Nd5 17. Qb3 Ndxb4 18. Nd6+ Kc7 19. Nxf7 Rd3 20. Qxe6 Rf8 21. Rfd1 Qa3 22. g6 Na6 23. Rxd3 Qxd3 24. Qd6+ Qxd6 25. cxd6+ Kd7 26. N3g5 Nc5 27. f4 Ne6 28. Nxe6 Kxe6 29. Rd1 Kd7 30. f5 1-0

[Event "European Online Club-ch-G 2021"]
[Site "Online"]
[Date "2021.03.27"]
[Round "2.7"]
[White "Gasimov, Parviz"]
[Black "Houska, Jovanka"]
[Result "0-1"]
[ECO "B12"]
[WhiteElo "2337"]
[BlackElo "2381"]
[Annotator "NA"]
[PlyCount "78"]
[EventDate "2021.03.27"]
[EventType "team-tourn"]
[EventCountry "NET"]
[SourceTitle "playchess.com"]
[Source "ChessBase"]
[SourceQuality "1"]
[TimeControl "900+5"]

1. e4 c6 2. d4 d5 3. e5 Bf5 4. Nf3 e6 5. Be2 c5 6. Be3 Qb6 7. Nc3 Nc6 8. O-O Qxb2 9. Qe1 cxd4 10. Nxd4 Bb4 11. Ndb5 Ba5 12. Rb1 Qxc2 13. Rb3 Nge7 14. Bd1 Qd3 15. Nd6+ Kf8 16. Be2 Qc2 17. Bd1 Bxc3 18. Rxc3 Qxa2 19. Bc5 b6 20. Ba3 d4 21. Rg3 d3 22. Qc3 Bg6 23. Ba4 Nd4 24. Qxd4 Qxa3 25. Rf3 Qc5 26. Qf4 Nd5 27. Qg4 Kg8 28. Bd7 Nc7 29. Qf4 Rf8 30. Rc1 Nd5 31. Qd2 Qb4 32. Qg5 h6 33. Qg3 Kh7 34. h4 Nc3 35. Kh1 Ne2 36. Qh3 Nxc1 37. h5 Qe1+ 38. Kh2 Ne2 39. Qg4 Qg1+ 0-1

[Event "European Online Club-ch-G 2021"]
[Site "Online"]
[Date "2021.03.27"]
[Round "2.8"]
[White "Derakhshani, Borna"]
[Black "Hasanzade, Toghrul"]
[Result "1-0"]
[ECO "D13"]
[WhiteElo "2373"]
[BlackElo "2322"]
[Annotator "NA"]
[PlyCount "77"]
[EventDate "2021.03.27"]
[EventType "team-tourn"]
[EventCountry "NET"]
[SourceTitle "playchess.com"]
[Source "ChessBase"]
[SourceQuality "1"]
[TimeControl "900+5"]

1. d4 Nf6 2. Bf4 d5 3. Nf3 c5 4. c3 cxd4 5. cxd4 Nc6 6. Nc3 a6 7. e3 Bg4 8. h3 Bh5 9. Qb3 Bxf3 10. gxf3 e6 11. Qxb7 Na5 12. Qc7 Bb4 13. Qxd8+ Rxd8 14. Bxa6 Ke7 15. Rg1 g6 16. a3 Bxc3+ 17. bxc3 Ra8 18. Bb5 Rhc8 19. a4 Rxc3 20. Bg5 Rac8 21. Kf1 Rc2 22. Kg2 R8c3 23. Rge1 Nb3 24. Rad1 Ra2 25. Re2 Ra3 26. e4 h6 27. Bxh6 dxe4 28. fxe4 Nh5 29. d5 Nc5 30. d6+ Kd8 31. e5 Nd7 32. Bg5+ Ke8 33. Rb2 f6 34. Bxd7+ Kxd7 35. Rb7+ Kc8 36. d7+ Kxb7 37. d8=Q fxg5 38. Rd7+ Ka6 39. Rd6+ 1-0

[Event "European Online Club-ch-G 2021"]
[Site "Online"]
[Date "2021.03.27"]
[Round "2.9"]
[White "Mica, Marek"]
[Black "Gazik, Viktor"]
[Result "1/2-1/2"]
[ECO "A48"]
[WhiteElo "2274"]
[BlackElo "2542"]
[Annotator "ChessBase"]
[PlyCount "221"]
[EventDate "2021.03.27"]
[EventType "team-tourn"]
[EventCountry "NET"]
[SourceTitle "playchess.com"]
[Source "ChessBase"]
[SourceQuality "1"]
[TimeControl "900+5"]

1. d4 Nf6 2. Nf3 g6 3. Bf4 Bg7 4. e3 O-O 5. h3 d6 6. Be2 c5 7. c3 Be6 8. Nbd2 Nc6 9. O-O Qb6 10. dxc5 Qxc5 11. Nb3 Qb6 12. Nfd2 Rfd8 13. a4 h6 14. a5 Qc7 15. Bh2 Bd7 16. Nc4 Be6 17. Ncd2 Qc8 18. Nd4 Bd7 19. Bf3 e5 20. Nxc6 bxc6 21. Nc4 Be6 22. Qa4 Bd5 23. Nd2 Rb8 24. Rab1 Qc7 25. Rfc1 Rb7 26. c4 Bxf3 27. Nxf3 c5 28. b4 cxb4 29. Rxb4 Rxb4 30. Qxb4 Rb8 31. Qa3 Ne4 32. c5 dxc5 33. Qd3 Ng5 34. Nxg5 hxg5 35. Qc3 Rb5 36. a6 Qd6 37. Bg3 Bf6 38. Qc4 Qxa6 39. Qe4 Qe6 40. Qa8+ Kg7 41. Qxa7 c4 42. Qa2 Rc5 43. e4 Rc6 44. f3 Be7 45. Bf2 Bc5 46. Bxc5 Rxc5 47. Rc3 Qd6 48. Qc2 Qd4+ 49. Kh2 Rc6 50. Qc1 Kf6 51. Qc2 Rc8 52. Qc1 Rc6 53. Qc2 Rc8 54. Qc1 g4 55. fxg4 Qxe4 56. Rf3+ Kg7 57. Qg5 Rc6 58. Qd8 c3 59. Qd7 Rf6 60. Rxc3 Rf2 61. Rg3 Qf4 62. Qd3 Ra2 63. Qc3 Re2 64. Qd3 Re1 65. Qc3 Qf1 66. Rf3 Qg1+ 67. Kg3 Re4 68. Qc7 Qe1+ 69. Kh2 Rf4 70. Rxf4 exf4 71. Qxf4 Qe6 72. g5 Qc6 73. Qe5+ Kg8 74. Kg3 Qb6 75. Qe8+ Kg7 76. Qe5+ Kg8 77. Qf6 Qb3+ 78. Kg4 Qc4+ 79. Qf4 Qe2+ 80. Kg3 Qd3+ 81. Kh2 Qd8 82. h4 Qd1 83. Qb8+ Kg7 84. Qb2+ Kg8 85. Qe5 Qg4 86. Qg3 Qd4 87. Kh3 Qd7+ 88. Qg4 Qd3+ 89. Qf3 Qd7+ 90. g4 Qd8 91. Qe3 Qd5 92. Kg3 Qd6+ 93. Kg2 Qd5+ 94. Kg3 Qd6+ 95. Kf2 Qh2+ 96. Kf3 Qh3+ 97. Kf4 Qxh4 98. Qe8+ Kg7 99. Qe5+ Kh7 100. Qf6 Qf2+ 101. Ke5 Qe2+ 102. Kd6 Kg8 103. Qd8+ Kg7 104. Qf6+ Kg8 105. Qd8+ Kh7 106. Qf6 Qe8 107. Qe7 Qb8+ 108. Kd7 Qb7+ 109. Ke8 Qxe7+ 110. Kxe7 Kg7 111. Kd6 1/2-1/2

[Event "European Online Club-ch-G 2021"]
[Site "Online"]
[Date "2021.03.27"]
[Round "2.10"]
[White "Sahidi, Samir"]
[Black "Stalmach, Richard"]
[Result "1-0"]
[ECO "E97"]
[WhiteElo "2407"]
[BlackElo "2296"]
[Annotator "NA"]
[PlyCount "135"]
[EventDate "2021.03.27"]
[EventType "team-tourn"]
[EventCountry "NET"]
[SourceTitle "playchess.com"]
[Source "ChessBase"]
[SourceQuality "1"]
[TimeControl "900+5"]

1. d4 Nf6 2. c4 g6 3. Nc3 Bg7 4. Nf3 O-O 5. e4 d6 6. Be2 e5 7. O-O Nc6 8. d5 Ne7 9. b4 a5 10. Ba3 axb4 11. Bxb4 b6 12. a4 Re8 13. Qc2 c5 14. dxc6 Nxc6 15. Ba3 Nd4 16. Qd3 Bb7 17. Rfd1 Rc8 18. Nd2 h5 19. Nb5 Re6 20. Nxd4 exd4 21. f3 Nd7 22. Rab1 Nc5 23. Qc2 Bc6 24. Bxc5 dxc5 25. Qb3 Bd7 26. Bd3 Ra8 27. Ra1 Be5 28. Ra2 h4 29. Nf1 Bc7 30. Qc2 Qg5 31. Rda1 Kh8 32. Qd2 Bf4 33. Qe1 Bc7 34. g3 Kg7 35. Rg2 hxg3 36. hxg3 Rh8 37. f4 Qd8 38. Nd2 g5 39. e5 Reh6 40. Kf2 Bc6 41. Be4 Qe8 42. Bxc6 Qxc6 43. Qe4 Qxe4 44. Nxe4 g4 45. Nf6 Rg6 46. Nd5 Bd8 47. Ke2 Rgh6 48. Kd3 Kg6 49. Ke4 Rh2 50. Rxh2 Rxh2 51. f5+ Kg5 52. Nf4 Rc2 53. e6 Kf6 54. Nd5+ Kg7 55. Kd3 Rf2 56. e7 Bxe7 57. Nxe7 Rf3+ 58. Kd2 Rxg3 59. Nd5 Rf3 60. Nxb6 Kf6 61. a5 g3 62. a6 g2 63. a7 Rf1 64. a8=Q g1=Q 65. Qh8+ Kxf5 66. Qh3+ Kg6 67. Rxf1 Qg5+ 68. Kd3 1-0

[Event "European Online Club-ch-G 2021"]
[Site "Online"]
[Date "2021.03.27"]
[Round "2.11"]
[White "Gnojek, Petr"]
[Black "Kostolansky, Sebastian Lukas"]
[Result "0-1"]
[ECO "E39"]
[WhiteElo "2267"]
[BlackElo "2393"]
[Annotator "NA"]
[PlyCount "80"]
[EventDate "2021.03.27"]
[EventType "team-tourn"]
[EventCountry "NET"]
[SourceTitle "playchess.com"]
[Source "ChessBase"]
[SourceQuality "1"]
[TimeControl "900+5"]

1. d4 Nf6 2. c4 e6 3. Nc3 Bb4 4. Qc2 c5 5. dxc5 Na6 6. e3 O-O 7. Nf3 Nxc5 8. Bd2 b6 9. Be2 Bb7 10. O-O d6 11. Rad1 Qe7 12. a3 Bxc3 13. Bxc3 e5 14. b4 Ne6 15. Bb2 Rac8 16. Qa4 Bc6 17. Qb3 Ne4 18. Nd2 N4g5 19. f3 f5 20. Nb1 f4 21. c5 bxc5 22. bxc5 d5 23. Bxe5 Nxc5 24. Qc3 Nd7 25. exf4 Ba4 26. Qd4 Bxd1 27. Qxd5+ Nf7 28. Bxd1 Ndxe5 29. fxe5 Qxe5 30. Qxe5 Nxe5 31. Bb3+ Kh8 32. Kf2 Rfd8 33. Kg3 Rd3 34. Be6 Rb8 35. Bf5 Rdb3 36. Rd1 g6 37. Be4 Nc4 38. Bd5 Rxb1 39. Rxb1 Rxb1 40. Bxc4 Ra1 0-1

[Event "European Online Club-ch-G 2021"]
[Site "Online"]
[Date "2021.03.27"]
[Round "2.12"]
[White "Haring, Filip"]
[Black "Laurincova, Kristyna"]
[Result "1-0"]
[ECO "A16"]
[WhiteElo "2376"]
[BlackElo "2008"]
[Annotator "NA"]
[PlyCount "85"]
[EventDate "2021.03.27"]
[EventType "team-tourn"]
[EventCountry "NET"]
[SourceTitle "playchess.com"]
[Source "ChessBase"]
[SourceQuality "1"]
[TimeControl "900+5"]

1. Nf3 Nf6 2. c4 g6 3. Nc3 d5 4. cxd5 Nxd5 5. Qb3 Nxc3 6. Qxc3 f6 7. e4 Be6 8. Bc4 Bxc4 9. Qxc4 Nc6 10. d4 Qd6 11. O-O O-O-O 12. d5 Ne5 13. Nxe5 Qxe5 14. Be3 Kb8 15. a4 e6 16. dxe6 Rd6 17. Rac1 Rxe6 18. Bf4 Qxf4 19. Qxe6 Bd6 20. g3 Qe5 21. Qxe5 Bxe5 22. b3 Re8 23. Rfd1 Bd6 24. Rc4 a5 25. f4 b6 26. Kg2 Kb7 27. Kf3 h5 28. h4 Re7 29. Rd5 Re6 30. Rc2 Re7 31. Rg2 Rh7 32. g4 hxg4+ 33. Rxg4 Rh6 34. e5 fxe5 35. fxe5 Bc5 36. e6 Kc6 37. Rdg5 Be7 38. Rxg6 Rxg6 39. Rxg6 Bxh4 40. Ke4 Kd6 41. Kf5 Be7 42. Rg1 Bf8 43. Rd1+ 1-0

[Event "European Online Club-ch-G 2021"]
[Site "Online"]
[Date "2021.03.27"]
[Round "2.13"]
[White "Flear, Glenn C"]
[Black "Gumularz, Szymon"]
[Result "0-1"]
[ECO "D35"]
[WhiteElo "2431"]
[BlackElo "2517"]
[Annotator "ChessBase"]
[PlyCount "82"]
[EventDate "2021.03.27"]
[EventType "team-tourn"]
[EventCountry "NET"]
[SourceTitle "playchess.com"]
[Source "ChessBase"]
[SourceQuality "1"]
[TimeControl "900+5"]

1. d4 Nf6 2. c4 e6 3. Nf3 d5 4. Nc3 h6 5. cxd5 exd5 6. Bf4 Bd6 7. Bxd6 Qxd6 8. e3 O-O 9. Bd3 Bg4 10. h3 Bxf3 11. Qxf3 Re8 12. O-O c6 13. Rab1 a5 14. Rfd1 Nbd7 15. Qe2 g6 16. Qc2 Kg7 17. a3 h5 18. b4 axb4 19. axb4 b5 20. e4 dxe4 21. Nxe4 Nxe4 22. Bxe4 Rac8 23. Bf3 Nf6 24. Qc5 Qf4 25. Re1 Ne4 26. Qc2 Ng5 27. Rxe8 Nxf3+ 28. gxf3 Rxe8 29. Qxc6 Re2 30. Qc3 Qd2 31. Qxd2 Rxd2 32. Kg2 Rxd4 33. Rb3 Kf6 34. Kg3 g5 35. Rb2 Kf5 36. Rb3 f6 37. Rb2 Ke5 38. Kg2 Kd5 39. Rb1 Kc4 40. Kg3 h4+ 41. Kg2 Kc3 0-1

[Event "European Online Club-ch-G 2021"]
[Site "Online"]
[Date "2021.03.27"]
[Round "2.14"]
[White "Mastrovasilis, Dimitrios"]
[Black "Boyer, Mahel"]
[Result "0-1"]
[ECO "B00"]
[WhiteElo "2609"]
[BlackElo "2333"]
[Annotator "ChessBase"]
[PlyCount "106"]
[EventDate "2021.03.27"]
[EventType "team-tourn"]
[EventCountry "NET"]
[SourceTitle "playchess.com"]
[Source "ChessBase"]
[SourceQuality "1"]
[TimeControl "900+5"]

1. e4 Nc6 2. Nf3 d5 3. exd5 Qxd5 4. Nc3 Qh5 5. Nb5 Kd8 6. h3 Nf6 7. d4 a6 8. Nc3 e6 9. Bg5 Be7 10. Be2 Qg6 11. Bd3 Qh5 12. Ne2 h6 13. Ng3 Qxg5 14. Nxg5 hxg5 15. Ne4 Nd5 16. c3 b6 17. Qd2 f6 18. O-O-O Bb7 19. Rhe1 Kc8 20. a3 Kb8 21. g3 Ka7 22. Bc2 Na5 23. Qe2 b5 24. Nd2 Bc8 25. Be4 Bd6 26. c4 bxc4 27. Nxc4 Nxc4 28. Qxc4 Rb8 29. Bg2 Bd7 30. Rxe6 Bxe6 31. Bxd5 Bxh3 32. Re1 Bd7 33. Bc6 Bg4 34. d5 Bf3 35. Qd4+ Rb6 36. b4 Kb8 37. Re6 Rd8 38. Qe3 Bh5 39. Kb2 Bf7 40. Re4 Bg6 41. Re6 Bf7 42. Rxd6 Rxd6 43. Qc5 Bxd5 44. Bxd5 Rb5 45. Qc4 Rbxd5 46. Kb3 Rd2 47. Qg8+ Kb7 48. Qxg7 Rxf2 49. g4 Rf3+ 50. Kc4 Rxa3 51. Qg6 Rad3 52. Qe4+ Ka7 53. Qe7 Kb6 0-1

[Event "European Online Club-ch-G 2021"]
[Site "Online"]
[Date "2021.03.27"]
[Round "2.15"]
[White "Favarel, Camille"]
[Black "Tazbir, Marcin"]
[Result "0-1"]
[ECO "D02"]
[WhiteElo "2188"]
[BlackElo "2513"]
[Annotator "ChessBase"]
[PlyCount "110"]
[EventDate "2021.03.27"]
[EventType "team-tourn"]
[EventCountry "NET"]
[SourceTitle "playchess.com"]
[Source "ChessBase"]
[SourceQuality "1"]
[TimeControl "900+5"]

1. d4 d5 2. Bf4 Nf6 3. e3 e6 4. Nd2 Bd6 5. Bg3 O-O 6. Bd3 b6 7. Ngf3 Ba6 8. Bxa6 Nxa6 9. Ne5 c5 10. c3 Qc7 11. O-O Nb8 12. Qe2 Nbd7 13. Nxd7 Qxd7 14. Bh4 Be7 15. a4 Rfc8 16. Rfe1 h6 17. Qb5 Qc6 18. h3 a6 19. Qd3 Qb7 20. Ra2 c4 21. Qc2 b5 22. axb5 axb5 23. Rea1 Rxa2 24. Rxa2 Ra8 25. b4 Ra7 26. f4 Qa8 27. Rxa7 Qxa7 28. Bxf6 Bxf6 29. Kh2 Qa1 30. Nf3 Be7 31. Qd2 Bd6 32. Qc2 Be7 33. Kg3 Bd8 34. Kf2 Bc7 35. Nd2 g6 36. Nb1 Kg7 37. Ke2 f5 38. Kd2 g5 39. g3 Kg6 40. Ke2 Kf6 41. Kf3 Bd6 42. Kf2 h5 43. Ke2 h4 44. fxg5+ Kxg5 45. gxh4+ Kxh4 46. Kf3 Kh5 47. Kg2 Kh6 48. Kf3 Qa8 49. Qf2 Qa1 50. Qc2 Be7 51. Kg2 Bh4 52. Kf3 Qa8 53. Qg2 Qa4 54. Qd2 Qb3 55. Kg2 Qxb1 0-1

[Event "European Online Club-ch-G 2021"]
[Site "Online"]
[Date "2021.03.27"]
[Round "2.16"]
[White "Zawadzka, Jolanta"]
[Black "Hmamouche, Youssef"]
[Result "1-0"]
[ECO "B54"]
[WhiteElo "2399"]
[BlackElo "1926"]
[Annotator "NA"]
[PlyCount "107"]
[EventDate "2021.03.27"]
[EventType "team-tourn"]
[EventCountry "NET"]
[SourceTitle "playchess.com"]
[Source "ChessBase"]
[SourceQuality "1"]
[TimeControl "900+5"]

1. e4 c5 2. Nf3 d6 3. d4 cxd4 4. Nxd4 a6 5. f3 Nf6 6. c4 e6 7. Nc3 Be7 8. Be2 Nc6 9. Be3 O-O 10. O-O Qc7 11. Rc1 Bd7 12. Nd5 Qd8 13. Nxe7+ Qxe7 14. Qd2 h6 15. Rfd1 Rfd8 16. Nb3 Ne8 17. Bb6 Rdc8 18. Bf1 Ne5 19. f4 Ng6 20. c5 d5 21. exd5 exd5 22. Bd3 Nf6 23. Re1 Ne4 24. Qe3 Qf6 25. Rf1 Re8 26. Qd4 Qh4 27. Rce1 Bf5 28. Qxd5 Nxf4 29. Qxf5 Nxd3 30. Re3 Nef2 31. Rxd3 Nxd3 32. Qxd3 Re1 33. Ba5 Rxf1+ 34. Qxf1 Qa4 35. Bc3 Qxa2 36. Nd4 Qd5 37. Qf5 Qxf5 38. Nxf5 f6 39. Kf2 Kf7 40. Nd6+ Ke6 41. Nxb7 Kd5 42. b4 Kc6 43. Na5+ Kb5 44. Ke3 Rd8 45. c6 Kb6 46. Bd4+ Kc7 47. Kd3 Rd5 48. Kc4 Rg5 49. g3 h5 50. Be3 Rg4+ 51. Bf4+ Kc8 52. Kc5 h4 53. Nc4 g5 54. Nb6+ 1-0

[Event "European Online Club-ch-G 2021"]
[Site "Online"]
[Date "2021.03.27"]
[Round "2.17"]
[White "Grachev, Boris"]
[Black "Jobava, Baadur"]
[Result "1/2-1/2"]
[ECO "D10"]
[WhiteElo "2619"]
[BlackElo "2603"]
[Annotator "ChessBase"]
[PlyCount "99"]
[EventDate "2021.03.27"]
[EventType "team-tourn"]
[EventCountry "NET"]
[SourceTitle "playchess.com"]
[Source "ChessBase"]
[SourceQuality "1"]
[TimeControl "900+5"]

1. d4 d5 2. Bf4 Nf6 3. e3 c6 4. c4 Bf5 5. Nc3 e6 6. Qb3 Qc8 7. Rc1 Be7 8. h3 O-O 9. Nf3 h6 10. Be2 Nbd7 11. O-O Nb6 12. Ne5 Re8 13. a4 dxc4 14. Nxc4 Nxc4 15. Bxc4 Qd7 16. a5 Ne4 17. Rfd1 Bh4 18. Nxe4 Bxe4 19. Bd3 Bxd3 20. Rxd3 a6 21. Be5 Bd8 22. e4 f6 23. Bg3 Bxa5 24. d5 cxd5 25. exd5 e5 26. d6+ Kh8 27. Qd5 Bd8 28. f3 Bb6+ 29. Kh2 Rac8 30. Rcc3 Bd4 31. Rxc8 Rxc8 32. f4 Rc5 33. Rxd4 Rxd5 34. Rxd5 exf4 35. Bxf4 g5 36. Bg3 f5 37. Be5+ Kg8 38. Rc5 Qe6 39. Kh1 b6 40. Rc7 Qxe5 41. Rc8+ Kf7 42. d7 Qe1+ 43. Kh2 Qe5+ 44. Kh1 g4 45. hxg4 Qe1+ 46. Kh2 Qh4+ 47. Kg1 Qe1+ 48. Kh2 Qh4+ 49. Kg1 Qe1+ 50. Kh2 1/2-1/2

[Event "European Online Club-ch-G 2021"]
[Site "Online"]
[Date "2021.03.27"]
[Round "2.18"]
[White "Dreev, Aleksey"]
[Black "Motylev, Alexander"]
[Result "1/2-1/2"]
[ECO "D10"]
[WhiteElo "2647"]
[BlackElo "2641"]
[Annotator "ChessBase"]
[PlyCount "34"]
[EventDate "2021.03.27"]
[EventType "team-tourn"]
[EventCountry "NET"]
[SourceTitle "playchess.com"]
[Source "ChessBase"]
[SourceQuality "1"]
[TimeControl "900+5"]

1. d4 d5 2. c4 c6 3. cxd5 cxd5 4. Bf4 Nc6 5. e3 Nf6 6. Nc3 a6 7. Bd3 Bg4 8. Nge2 e6 9. h3 Bh5 10. O-O Bd6 11. Qd2 Bg6 12. Rac1 O-O 13. Bxg6 hxg6 14. Rc2 Nb4 15. Rcc1 Nc6 16. Rc2 Nb4 17. Rcc1 Nc6 1/2-1/2

[Event "European Online Club-ch-G 2021"]
[Site "Online"]
[Date "2021.03.27"]
[Round "2.20"]
[White "Shchekachev, Andrei"]
[Black "Murzin, Volodar"]
[Result "1/2-1/2"]
[ECO "E92"]
[WhiteElo "2515"]
[BlackElo "2478"]
[Annotator "ChessBase"]
[PlyCount "83"]
[EventDate "2021.03.27"]
[EventType "team-tourn"]
[EventCountry "NET"]
[SourceTitle "playchess.com"]
[Source "ChessBase"]
[SourceQuality "1"]
[TimeControl "900+5"]

1. Nf3 Nf6 2. c4 g6 3. Nc3 Bg7 4. e4 d6 5. d4 O-O 6. Be2 e5 7. d5 a5 8. Bg5 h6 9. Be3 Ng4 10. Bd2 f5 11. h3 Nf6 12. exf5 gxf5 13. Qc1 Kh7 14. g4 Na6 15. g5 Ne4 16. gxh6 Nxd2 17. hxg7 Nxf3+ 18. Bxf3 Rg8 19. Rg1 Nc5 20. Qd2 Qf6 21. h4 Rxg7 22. Rg5 Rxg5 23. hxg5 Qg6 24. O-O-O Kg7 25. Nb5 f4 26. Nxc7 Bf5 27. Ne6+ Nxe6 28. dxe6 Qxe6 29. Bd5 Qd7 30. Rh1 Qc7 31. f3 Rh8 32. Rxh8 Kxh8 33. Qh2+ Qh7 34. Qxh7+ Kxh7 35. Bxb7 Kg6 36. a4 Bd3 37. b3 Kxg5 38. Kd2 Bf1 39. Ke1 Bd3 40. Kd2 Bf1 41. Ke1 Bd3 42. Kd2 1/2-1/2

[Event "European Online Club-ch-G 2021"]
[Site "Online"]
[Date "2021.03.27"]
[Round "3.1"]
[White "Jobava, Baadur"]
[Black "Altun, Arda"]
[Result "0-1"]
[ECO "B19"]
[WhiteElo "2603"]
[BlackElo "2074"]
[Annotator "ChessBase"]
[PlyCount "68"]
[EventDate "2021.03.27"]
[EventType "team-tourn"]
[EventCountry "NET"]
[SourceTitle "playchess.com"]
[Source "ChessBase"]
[SourceQuality "1"]
[TimeControl "900+5"]

1. e4 c6 2. d4 d5 3. Nd2 dxe4 4. Nxe4 Bf5 5. Ng3 Bg6 6. h4 h6 7. Nf3 Nd7 8. h5 Bh7 9. Bd3 Bxd3 10. Qxd3 e6 11. Bd2 Ngf6 12. O-O-O Be7 13. Qe2 O-O 14. Kb1 c5 15. d5 Nxd5 16. Ne4 N7f6 17. g4 Nxg4 18. c4 Ndf6 19. Nxf6+ Bxf6 20. Rhg1 Qb6 21. Bc1 Nxf2 22. Qxf2 Rad8 23. Rde1 Kh8 24. Ne5 Qd6 25. Bf4 Bxe5 26. Bxe5 Qd3+ 27. Qc2 f6 28. Bc3 e5 29. Rg4 Rf7 30. a4 b6 31. Reg1 Re7 32. a5 e4 33. Qxd3 Rxd3 34. Kc2 Rh3 0-1

[Event "European Online Club-ch-G 2021"]
[Site "Online"]
[Date "2021.03.27"]
[Round "3.2"]
[White "Danaci, Ege"]
[Black "Dreev, Aleksey"]
[Result "0-1"]
[ECO "B11"]
[WhiteElo "1996"]
[BlackElo "2647"]
[Annotator "ChessBase"]
[PlyCount "86"]
[EventDate "2021.03.27"]
[EventType "team-tourn"]
[EventCountry "NET"]
[SourceTitle "playchess.com"]
[Source "ChessBase"]
[SourceQuality "1"]
[TimeControl "900+5"]

1. e4 c6 2. Nc3 d5 3. Nf3 Bg4 4. h3 Bxf3 5. Qxf3 e6 6. d3 Nd7 7. Be2 Bc5 8. Qg3 Bd4 9. O-O Ne7 10. Nd1 O-O 11. c3 Bf6 12. Bg5 Bxg5 13. Qxg5 Ng6 14. Qg3 a5 15. exd5 exd5 16. d4 Nf6 17. Bd3 Nh5 18. Qf3 Nhf4 19. Bf5 Qg5 20. Bxg6 fxg6 21. Qg4 Qxg4 22. hxg4 Rae8 23. Ne3 Nd3 24. Rab1 Nxf2 25. Rxf2 Rxe3 26. Rxf8+ Kxf8 27. Kf2 Rd3 28. g5 Rd2+ 29. Kf3 a4 30. g4 b5 31. Ke3 Rg2 32. Kf3 Rc2 33. a3 h6 34. Kf4 Kf7 35. Ke5 Ke7 36. gxh6 gxh6 37. Rh1 Rxb2 38. Rxh6 Re2+ 39. Kf4 Kf6 40. Rh7 Re4+ 41. Kf3 Kg5 42. Rc7 Rf4+ 43. Ke3 Rf6 0-1